 Dungeon Crawl Stone Soup version 0.31.0-11-ge490571c62 (webtiles) character file.

Game seed: 9642898254226377947

5670 shadowrider38 the Covert (level 10, -3/82 HPs)
             Began as a Gnoll Delver on Feb 4, 2024.
             Was a Believer of Ashenzari.
             Slain by a quicksilver ooze (20 damage)
             ... in a Gauntlet.
             The game lasted 00:21:10 (11540 turns).

shadowrider38 the Covert (Gnoll Delver)            Turns: 11540, Time: 00:21:11

Health: -3/82      AC:  9    Str: 12    XL:     10   Next: 75%
Magic:  0/9        EV: 14    Int: 13    God:    Ashenzari [**....]
Gold:   505        SH:  0    Dex: 14    Spells: 12/20 levels left

rFire   + + +        a - +0 quarterstaff (spect)
rCold   + + .        (shield currently unavailable)
rNeg    . . .        b - +0 troll leather armour
rPois   +            I - +0 helmet of the Revealing Oracle {Elem, Fort} (curse)
rElec   +            M - +0 cloak of the Bound Malaise {Sorc, Bglg} (curse)
rCorr   +            (no gloves)
SInv    +            S - +2 pair of boots {rampage}
Will    .....        z - amulet "Ocairyc" {Spirit Fly rF+++ MP-9 SInv}
Stlth   ++++         u - ring of Ashenzari's Scepticism {Fly, Sorc, Elem} (curse)
HPRegen 1.13/turn    c - ring of the Chained Burden {rC+, Bglg, Elem} (curse)
MPRegen 0.11/turn

%: no teleportation, guardian spirit, rampage
@: mighty, resistant, engulfed (cannot breathe), flying
A: fangs 1, strong nose, distributed training
a: Renounce Religion, Shatter the Chains


You were in a Gauntlet.
You worshipped Ashenzari.
Ashenzari was pleased with you.
You visited 3 branches of the dungeon, and saw 11 of its levels.
You also visited: Gauntlet.

You collected 505 gold pieces.

Inventory:

Hand Weapons
 a - a +0 spectral quarterstaff (weapon)
 m - a +4 trident
Missiles
 k - 17 poisoned darts
 t - 11 boomerangs
 x - 5 silver javelins (quivered)
 F - a curare-tipped dart
 J - 4 atropa-tipped darts
 Z - 2 throwing nets
Armour
 b - a +0 troll leather armour (worn)
 I - the cursed +0 helmet of the Revealing Oracle (worn) {Elem, Fort}
   (You found it on level 6 of the Dungeon)

   It has a curse which improves the following skills: Elements: Fire Magic, Ice
   Magic, Air Magic and Earth Magic.
   Fortitude: Armour and Shields.
 M - the cursed +0 cloak of the Bound Malaise (worn) {Sorc, Bglg}
   (You found it on level 8 of the Dungeon)

   It has a curse which improves the following skills: Sorcery: Conjurations and
   Alchemy.
   Beguiling: Hexes and Translocations.
 S - a +2 pair of boots of rampaging (worn)
Magical Staves
 L - a staff of cold
 N - a staff of death
Jewellery
 c - the cursed ring of the Chained Burden (right hand) {rC+, Bglg, Elem}
   (You found it on level 7 of the Dungeon)

   [ring of protection from cold]

   rC+:       It protects you from cold.
   It has a curse which improves the following skills: Beguiling: Hexes and
   Translocations.
   Elements:  Fire Magic, Ice Magic, Air Magic and Earth Magic.
 u - the cursed ring of Ashenzari's Scepticism (left hand) {Fly, Sorc, Elem}
   (You found it on level 3 of the Dungeon)

   [ring of flight]

   Fly:       It grants you flight.
   It has a curse which improves the following skills: Sorcery: Conjurations and
   Alchemy.
   Elements:  Fire Magic, Ice Magic, Air Magic and Earth Magic.
 z - the amulet "Ocairyc" (around neck) {Spirit Fly rF+++ MP-9 SInv}
   (You found it on level 4 of the Dungeon)

   [amulet of guardian spirit]

   Spirit:    It causes incoming damage to be divided between your reserves of
   health and magic.
   rF+++:     It renders you almost immune to fire.
   MP-9:      It affects your magic capacity (-9).
   SInv:      It lets you see invisible.
   Fly:       It grants you flight.
 Q - an amulet of reflection
Wands
 C - a wand of polymorph (5)
 D - a wand of digging (9)
 E - a wand of charming (1)
Scrolls
 d - 2 scrolls of noise
 f - a scroll of vulnerability
 i - 5 scrolls of revelation
 p - 2 scrolls of summoning
 r - 2 scrolls of poison
 s - 2 scrolls of immolation
 w - a scroll of amnesia
 B - 2 scrolls of blinking
 G - a scroll of enchant weapon
 O - 3 scrolls of fog
 P - a scroll of fear
 T - 3 scrolls of teleportation
Potions
 e - 2 potions of heal wounds
 g - 2 potions of invisibility
 h - 2 potions of ambrosia
 j - 4 potions of enlightenment
 l - a potion of mutation
 o - a potion of cancellation
 q - 2 potions of resistance
 A - a potion of attraction
 H - a potion of haste
 K - a potion of brilliance
 R - 2 potions of lignification


   Skills:
 + Level 8.8 Fighting
 + Level 7.4 Short Blades
 + Level 5.8 Long Blades
 + Level 5.8 Axes
 + Level 5.8 Maces & Flails
 + Level 5.8 Polearms
 + Level 5.8 Staves
 + Level 5.8 Ranged Weapons
 + Level 5.8 Throwing
 + Level 5.8(6.9) Armour
 + Level 7.4 Dodging
 + Level 11.2 Stealth
 + Level 5.8(6.9) Shields
 + Level 5.8 Unarmed Combat
 + Level 5.8 Spellcasting
 + Level 4.8(6.4) Conjurations
 + Level 4.8(6.4) Hexes
 + Level 4.8 Summonings
 + Level 4.8 Necromancy
 + Level 4.8(6.4) Translocations
 + Level 4.8(7.0) Fire Magic
 + Level 4.8(7.0) Ice Magic
 + Level 4.8(7.0) Air Magic
 + Level 4.8(7.0) Earth Magic
 + Level 4.8(6.4) Alchemy
 + Level 6.3 Invocations
 + Level 5.8 Evocations
 + Level 5.2 Shapeshifting


You had 12 spell levels left.
You knew the following spells:

 Your Spells              Type           Power      Damage    Failure   Level
a - Volatile Blastmotes   Fire/Tloc      42%        2d13      4%          3
b - Jinxbite              Hex            40%        N/A       2%          2
c - Dazzling Flash        Conj/Hex       40%        N/A       4%          3

Your spell library contained the following spells:

 Spells                   Type           Power      Damage    Failure   Level
 Apportation              Tloc           40%        N/A       1%          1
 Manifold Assault         Tloc           20%        N/A       14%         4
 Alistair's Intoxication  Alch           13%        N/A       38%         5
 Starburst                Conj/Fire      10%        6d5       90%         6
 Dispersal                Tloc           10%        N/A       92%         6
 Disjunction              Tloc           10%        N/A       100%        8
 Maxwell's Capacitive Co  Air            11%        ∞         100%        8


Dungeon Overview and Level Annotations

Branches:
Dungeon (9/15) Zot: 25286  Temple (1/1) D:5 Zot: 5959    Lair (1/5) D:8 Zot: 5874
Gauntlet (1/1) Zot: 5638
    Orc: D:9-12

Altars:
Ashenzari
Cheibriados
Dithmenos
Elyvilon
Fedhas
Gozag
Hepliaklqana
Kikubaaqudgha
Nemelex Xobeh
Okawaru
Qazlal
Ru
Sif Muna
Trog
Uskayaw
Wu Jian
Yredelemnul
Zin
The Shining One

Shops:
D:3 [

Annotations:
D:6 exclusion: sleepcap
D:7 3 exclusions, Duvessa
D:9 Harold
Lair:1 exclusion: black mamba Gauntlet 9 transporters, 4 runed translucent doors


Innate Abilities, Weirdness & Mutations

You have very sharp teeth.
Your uncanny sense of smell can sniff out nearby items.
Your experience applies equally to all skills.


Message History

You start waiting.
The quicksilver ooze jiggles.
The hell hound stops to sniff the ground.
The quicksilver ooze jiggles.
The quicksilver ooze jiggles.
There is a transporter here.
Casting: Dazzling Flash (mildly dangerous; 4% risk of failure)
Confirm with . or Enter, or press ? or * to list all spells.
Okay, then.
Search for what [Enter for "rf+", or ? for help]? rcorr
Okay, then.
Unknown command.
Casting: Dazzling Flash (mildly dangerous; 4% risk of failure)
Confirm with . or Enter, or press ? or * to list all spells.
Okay, then.
Okay, then.
Unknown command.
Okay, then.
You feel protected.
You feel very mighty all of a sudden.
You enter the transporter and appear at another place.
You bludgeon the quicksilver ooze!! You bite the quicksilver ooze.
The quicksilver ooze is heavily wounded.
Your +0 spectral quarterstaff barely misses the quicksilver ooze.
The quicksilver ooze hits you! The quicksilver ooze engulfs you!
The quicksilver ooze closely misses you.
The quicksilver ooze completely misses you.
The quicksilver ooze hits you.
You feel your power leaking away.
You miss the quicksilver ooze.
The quicksilver ooze is heavily wounded.
Your +0 spectral quarterstaff hits the quicksilver ooze!
Your lungs strain for air!
The quicksilver ooze hits you! The quicksilver ooze barely misses you.
The quicksilver ooze hits you!!
The quicksilver ooze hits you but does no damage.
You sock the quicksilver ooze!
The quicksilver ooze is almost dead.
Your +0 spectral quarterstaff closely misses the quicksilver ooze.
Your lungs strain for air!
The quicksilver ooze hits you! The quicksilver ooze hits you.
* * * LOW HITPOINT WARNING * * *
You feel your power leaking away.
You closely miss the quicksilver ooze.
The quicksilver ooze is severely wounded.
Your +0 spectral quarterstaff barely misses the quicksilver ooze.
* * * LOW HITPOINT WARNING * * *
Your lungs strain for air!
The quicksilver ooze hits you!!
You die...

.#.#.#..b#h#........###
.#...$©.hbh#.........≈#
###################..###
......©...........#...≈#
......©.........©.#...###
#####################..≈#
#.#....##.#.#.......#..##
#.##..##.s#.#.#(J##.#..§#
#.###.#..B#.#...@##.#.§##
#.#.##.##©#.#.###...#..≈#
#.#...#.###.#.###...#..##
#.#..##./##.#.###...#..≈#
#.#B##s?=.#.#.(.©[$.#..##
#.#########.#########..≈#
.......................##
....8.∩.8..............≈#
#############≈#§#≈#§#§###


You could see an entropy weaver, a hell hog, a quicksilver ooze, a jumping
spider, a fire bat and a friendly +0 spectral quarterstaff.

Vanquished Creatures
  An orc knight (D:9)
  A troll (D:8)
  Grinder (D:6)
  Sigmund (D:4)
  2 wyverns
  A fire bat (Gauntlet)
  5 yaks (D:8)
  2 steam dragons
  2 water moccasins (D:8)
  An orc warrior (D:9)
  A black bear (D:4)
  An ice beast (D:4)
  5 wolves
  3 centaurs
  A phantom (D:4)
  2 kobold brigands (D:9)
  3 bullfrogs
  3 scorpions
  A gnoll sergeant (D:6)
  10 wights
  A bombardier beetle (D:4)
  2 orc priests
  A cerulean imp (D:7)
  A bullfrog skeleton (D:4)
  A gnoll bouda (D:4)
  A sleepcap (D:8)
  4 iguanas
  3 scorpion zombies (D:4)
  3 orc wizards (D:9)
  5 hound zombies (D:4)
  A hound skeleton (D:4)
  A howler monkey zombie (D:4)
  7 adders
  8 gnolls
  3 white imps
  3 adder skeletons (D:4)
  3 adder zombies (D:4)
  2 ribbon worms (D:2)
  4 dart slugs
  24 orcs
  4 bats
  7 endoplasms
  8 giant cockroaches
  6 goblins
  4 hobgoblins
  3 jackals (D:3)
  5 quokkas
  9 ball pythons
  11 frilled lizards
  A jackal skeleton (D:4)
  15 kobolds
  A quokka zombie (D:4)
  10 rats
209 creatures vanquished.

Vanquished Creatures (collateral kills)
  A killer bee (D:7)
1 creature vanquished.

Vanquished Creatures (others)
  3 killer bees (D:7)
3 creatures vanquished.

Grand Total: 213 creatures vanquished

Notes
Turn   | Place    | Note
-------+----------+-------------------------------------------
     0 | D:5      | Reached skill level 9 in Stealth
     0 | D:5      | shadowrider38 the Gnoll Delver began the quest for the Orb.
     0 | D:5      | Reached XP level 1. HP: 23/23 MP: 1/1
    26 | D:5      | Found a staircase to the Ecumenical Temple.
    41 | Temple   | Entered the Ecumenical Temple
    66 | Temple   | Became a worshipper of Elyvilon the Healer
   103 | D:5      | Found a bloodstained altar of Trog.
   105 | D:5      | Noticed an ice beast
   110 | D:5      | Noticed a gnoll bouda
   136 | D:2      | Reached XP level 2. HP: 29/29 MP: 2/2
   300 | D:1      | Reached * piety under Elyvilon
   359 | D:1      | Reached XP level 3. HP: 35/35 MP: 3/3
   928 | D:2      | Identified the +0 ring mail of Vehumet's Inspiration {rElec
                  | rN++ Will- rCorr}
  1129 | D:2      | Reached XP level 4. HP: 39/41 MP: 5/5
  1133 | D:2      | Found a faded altar of an unknown god.
  1479 | D:2      | Reached ** piety under Elyvilon
  1626 | D:3      | Found a broken altar of Ashenzari.
  1629 | D:3      | Found a glowing silver altar of Zin.
  1642 | D:3      | Found a stormy altar of Qazlal.
  1642 | D:3      | Found a blossoming altar of Fedhas.
  1646 | D:3      | Fell from the grace of Elyvilon
  1646 | D:3      | Became a worshipper of Ashenzari the Shackled
  1816 | D:3      | Found Cauduss's Armour Boutique.
  2016 | D:3      | Reached XP level 5. HP: 47/47 MP: 7/7
  2114 | D:4      | Noticed Sigmund
  2294 | D:4      | Reached XP level 6. HP: 40/53 MP: 8/8
  2387 | D:4      | Learned a level 3 spell: Volatile Blastmotes
  2478 | D:4      | Found a sparkling altar of Nemelex Xobeh.
  2653 | D:4      | Noticed a black bear
  2655 | D:4      | Killed a black bear
  2656 | D:4      | Reached XP level 7. HP: 60/60 MP: 10/10
  2748 | D:4      | Identified the amulet "Ocairyc" {Spirit Fly rF+++ MP-9
                  | SInv}
  2867 | D:4      | Found a snail-covered altar of Cheibriados.
  2867 | D:4      | Noticed a torpor snail
  2867 | D:4      | Noticed a torpor snail
  2869 | D:4      | Noticed a torpor snail
  3106 | D:4      | Killed Sigmund
  3107 | D:4      | Reached skill level 10 in Stealth
  3107 | D:4      | Reached skill level 3 in Invocations
  3192 | D:5      | Reached * piety under Ashenzari
  3252 | D:5      | Reached skill level 3 in Long Blades
  3252 | D:5      | Reached skill level 3 in Axes
  3252 | D:5      | Reached skill level 3 in Maces & Flails
  3252 | D:5      | Reached skill level 3 in Polearms
  3252 | D:5      | Reached skill level 3 in Staves
  3252 | D:5      | Reached skill level 3 in Ranged Weapons
  3252 | D:5      | Reached skill level 3 in Throwing
  3252 | D:5      | Reached skill level 3 in Armour
  3252 | D:5      | Reached skill level 3 in Shields
  3252 | D:5      | Reached skill level 3 in Unarmed Combat
  3252 | D:5      | Reached skill level 3 in Spellcasting
  3252 | D:5      | Reached skill level 3 in Evocations
  3252 | D:5      | Reached XP level 8. HP: 58/67 MP: 12/12
  4156 | D:5      | Reached skill level 3 in Shapeshifting
  4587 | D:5      | Found a staircase to the Ecumenical Temple.
  4620 | D:5      | Found a bloodstained altar of Trog.
  4962 | D:6      | Noticed Grinder
  4965 | D:6      | Killed Grinder
  5033 | D:6      | Learned a level 2 spell: Jinxbite
  5256 | D:6      | Reached skill level 3 in Conjurations
  5256 | D:6      | Reached skill level 3 in Hexes
  5256 | D:6      | Reached skill level 3 in Summonings
  5256 | D:6      | Reached skill level 3 in Necromancy
  5256 | D:6      | Reached skill level 3 in Translocations
  5256 | D:6      | Reached skill level 3 in Fire Magic
  5256 | D:6      | Reached skill level 3 in Ice Magic
  5256 | D:6      | Reached skill level 3 in Air Magic
  5256 | D:6      | Reached skill level 3 in Earth Magic
  5256 | D:6      | Reached skill level 3 in Alchemy
  5885 | D:6      | Found an ornate altar of the Wu Jian Council.
  6052 | D:7      | Found a basalt altar of Yredelemnul.
  6293 | D:7      | Reached XP level 9. HP: 49/73 MP: 12/14
  6441 | D:7      | Noticed Duvessa
  7101 | D:7      | Found a glowing golden altar of the Shining One.
  7108 | D:7      | Reached ** piety under Ashenzari
  7851 | D:8      | Found a staircase to the Lair.
  7900 | D:8      | Found a flagged portal.
  8589 | D:8      | Noticed a troll
  8608 | D:8      | Killed a troll
  8609 | D:8      | Reached XP level 10. HP: 74/81 MP: 0/17
  8975 | D:8      | Found an iron altar of Okawaru.
  9496 | D:9      | Noticed Harold
  9545 | D:9      | Reached *** piety under Ashenzari
  9550 | D:9      | Found a transporter.
  9551 | D:9      | Found a transporter.
  9551 | D:9      | Noticed a boulder beetle
  9595 | D:9      | Reached skill level 11 in Stealth
 10076 | D:9      | Reached **** piety under Ashenzari
 10392 | D:9      | Noticed an orc knight
 10421 | D:9      | Noticed an orc knight
 10755 | Lair:1   | Entered Level 1 of the Lair of Beasts
 10765 | Lair:1   | Identified the +0 ring mail of the Old World {Dex+4}
 10829 | Lair:1   | Noticed a black mamba
 10941 | D:9      | Killed an orc knight
 11171 | Lair:1   | Found a gate leading to a gauntlet.
 11178 | Lair:1   | Noticed a cane toad
 11180 | Gauntlet | Entered a Gauntlet
 11180 | Gauntlet | Found a transporter.
 11180 | Gauntlet | Found a transporter.
 11180 | Gauntlet | Found a runed translucent door.
 11180 | Gauntlet | Found a runed translucent door.
 11183 | Gauntlet | Noticed a tengu warrior
 11184 | Gauntlet | Noticed a large abomination
 11186 | Gauntlet | Found a transporter.
 11187 | Gauntlet | Found a runed translucent door.
 11188 | Gauntlet | Found a runed translucent door.
 11193 | Gauntlet | Noticed a large abomination
 11199 | Gauntlet | Found a transporter.
 11217 | Gauntlet | Found a transporter.
 11217 | Gauntlet | Found a transporter.
 11217 | Gauntlet | Found a transporter.
 11220 | Gauntlet | Found a transporter.
 11220 | Gauntlet | Found a transporter.
 11221 | Gauntlet | Noticed a quicksilver ooze
 11232 | Gauntlet | Found a transporter.
 11232 | Gauntlet | Identified the +0 helmet "Totsiv" {Int+6}
 11248 | Gauntlet | Identified a ring "Xouvocva" {rN+ AC+4}
 11250 | Gauntlet | Found a transporter.
 11251 | Gauntlet | Noticed an entropy weaver
 11257 | Gauntlet | Noticed an orange demon
 11260 | Gauntlet | Found a transporter.
 11270 | Gauntlet | Noticed an orange demon
 11274 | Gauntlet | Noticed a green death
 11277 | Gauntlet | Found a transporter.
 11293 | Gauntlet | Noticed a hell hog
 11297 | Gauntlet | Found a transporter.
 11300 | Gauntlet | Noticed a necromancer
 11369 | Gauntlet | Learned a level 3 spell: Dazzling Flash
 11540 | Gauntlet | Slain by a quicksilver ooze

Illustrated notes

Levels and vault maps discovered:
D:1:      kennysheep_arrival_forest, layout_rooms,
          chequers_serial_rivers_room_b, minmay_cut_off
D:2:      layout_rooms, hellmonk_ecumenical_altar_lost_god
D:3:      layout_loops_cross, grunt_temple_overflow_open, serial_shops, shop
D:4:      layout_loops_ring, cheibriados_altar_2, mainiacjoe_overflow_boulevard,
          serial_undead, serial_undead_c, serial_undead_f, serial_undead_d,
          serial_undead_c, serial_undead_b, serial_undead_b, serial_undead_f,
          serial_undead_d, serial_undead_b, serial_undead_d,
          roderic_serpentine_path, uniq_sigmund
D:5:      layout_basic, bloody_trog, minmay_temple_entry_overgrown
D:6:      layout_loops_cross, nicolae_wu_jian_wuxing_cycle, uniq_grinder
D:7:      layout_gridville, old_standard_altar, amcnicky_altar_gilded,
          uniq_duvessa
D:8:      layout_basic, lemuel_coloured_pillars_altar, dpeg_oklobed_lair,
          enter_bailey_8
D:9:      gammafunk_boulding_lane, layout_stronghold, lightli_church_of_beogh,
          uniq_harold
Temple:   hellmonk_temple_of_storms
Lair:1:   layout_layer_cave, gauntlet_entry_generic,
          nicolae_volcano_entry_hallway, beast_lair_carwin_10
Gauntlet: gammafunk_gauntlet_mixed_choke_point [minmay_gauntlet_arena_77_museum,
          minmay_gauntlet_arena_77_shame_cube, minmay_gauntlet_arena_77_cramped,
          nicolae_gauntlet_arena_grate_2, minmay_gauntlet_arena_77_two_lines,
          minmay_gauntlet_arena_77_fan, minmay_gauntlet_arena_77_block_sizes,
          nicolae_gauntlet_exit_dead_adventurers]

Skill      XL: |  1  2  3  4  5  6  7  8  9 10 |
---------------+-------------------------------+-----
Stealth        | 10 11 | 11.2
Invocations    | 1 2 3 4 5 6 |  6.3
Long Blades    | 1 2 3 5 |  5.8
Axes           | 1 2 3 5 |  5.8
Maces & Flails | 1 2 3 5 |  5.8
Polearms       | 1 2 3 5 |  5.8
Staves         | 1 2 3 5 |  5.8
Ranged Weapons | 1 2 3 5 |  5.8
Throwing       | 1 2 3 5 |  5.8
Armour         | 1 2 3 5 |  5.8
Shields        | 1 2 3 5 |  5.8
Unarmed Combat | 1 2 3 5 |  5.8
Spellcasting   | 1 2 3 5 |  5.8
Evocations     | 1 2 3 5 |  5.8
Shapeshifting  | 1 2 3 4 5 |  5.2
Conjurations   | 1 2 3 4 |  4.8
Hexes          | 1 2 3 4 |  4.8
Summonings     | 1 2 3 4 |  4.8
Necromancy     | 1 2 3 4 |  4.8
Translocations | 1 2 3 4 |  4.8
Fire Magic     | 1 2 3 4 |  4.8
Ice Magic      | 1 2 3 4 |  4.8
Air Magic      | 1 2 3 4 |  4.8
Earth Magic    | 1 2 3 4 |  4.8
Alchemy        | 1 2 3 4 |  4.8
Short Blades   | 5 6 7 |  7.4
Dodging        | 5 6 7 |  7.4
Fighting       | 7 8 |  8.8

Action                     |  1- 3 |  4- 6 |  7- 9 | 10-12 || total
---------------------------+-------+-------+-------+-------++-------
  Melee: Short sword       |    17 |       |       |       ||    17
         Bite              |    10 |    16 |    43 |    18 ||    87
         Dagger            |    78 |   160 |   132 |       ||   370
         Punch             |       |     4 |     8 |       ||    12
         Quarterstaff      |       |       |   186 |   165 ||   351
  Throw: Dart              |       |       |       |     1 ||     1
   Cast: Jinxbite          |       |       |    28 |    18 ||    46
         Volatile Blastmot |       |       |     3 |    11 ||    14
         Dazzling Flash    |       |       |       |     2 ||     2
 Invoke: Curse Item        |       |     1 |     4 |     2 ||     7
         Shatter the Chain |       |       |     1 |     2 ||     3
  Evoke: Wand              |       |       |     6 |     1 ||     7
    Use: Scroll            |     1 |     1 |     4 |       ||     6
         Potion            |       |       |       |     2 ||     2
   Stab: Sleeping          |    18 |    18 |     9 |     1 ||    46
         Distracted        |     2 |       |     1 |     2 ||     5
 Armour: Leather armour    |    29 |    69 |   191 |    66 ||   355
         Troll leather arm |       |       |       |    56 ||    56
  Dodge: Dodged            |    39 |    86 |   225 |   144 ||   494
